 Dungeon Crawl Stone Soup version 0.23-b1-51-gfe822ef6ca (webtiles) character file.

Game seed: 7185317246553469815

71699 Kifli the Black Sun (level 14, 0/85 HPs)
             Began as a Demonspawn Wizard on Feb 2, 2019.
             Was a High Priest of Kikubaaqudgha.
             Shot with an arrow by a naga sharpshooter (20 damage)
             ... on level 4 of the Snake Pit on Feb 3, 2019.
             The game lasted 09:22:14 (37004 turns).

Kifli the Black Sun (Demonspawn Wizard)            Turns: 37004, Time: 09:22:14

Health: 0/85       AC:  8    Str: 11    XL:     14   Next: 98%
Magic:  20/30      EV: 17    Int: 25    God:    Kikubaaqudgha [*****.]
Gold:   1307       SH:  2    Dex: 11    Spells: 0/37 levels left

rFire    + . .     SeeInvis .   F - staff of death
rCold    + + .     Gourm    .   (no shield)
rNeg     + . .     Faith    .   E - +3 leather armour of the Wasteland {+Blink rPois Slay+3}
rPois    +         Spirit   .   C - +2 hat
rElec    .         Reflect  +   g - scarf {cloud immunity}
rCorr    .         Harm     .   (gloves unavailable)
MR       ++...                  (boots unavailable)
Stlth    ++........             s - +2 amulet of reflection
HPRegen  1.24/turn              v - ring of protection from magic
MPRegen  0.22/turn              q - ring "Mahabb" {rF+ rC+ Str+3}

@: death channel, regenerating (expiring)
A: antennae 1, claws 3, hooves 3, cold resistance 1, rot immunity
a: Receive Corpses, Torment, Renounce Religion, Evoke Blink


You were on level 4 of the Snake Pit.
You worshipped Kikubaaqudgha.
Kikubaaqudgha was extremely pleased with you.
You were very hungry.

You visited 5 branches of the dungeon, and saw 22 of its levels.

You collected 1511 gold pieces.
You spent 204 gold pieces at shops.

Inventory:

Hand Weapons
 M - a +0 vampiric dagger
 N - the +7 war axe of Accord {chop, rPois Stlth+}
   (You found it on level 4 of the Snake Pit)

   It inflicts extra damage upon your enemies.
   It protects you from poison.
   It makes you more stealthy.
 R - the +7 trident of Disintegration {pain, rC+ rN+ Str-4}
   (You found it on level 3 of the Snake Pit)

   In the hands of one skilled in necromantic magic, it inflicts extra damage on
   living creatures.
   It affects your strength (-4).
   It protects you from cold.
   It protects you from negative energy.
 X - a +4 dagger of venom
Missiles
 l - 12 tomahawks (quivered)
 n - 59 poisoned needles
Armour
 f - a +0 leather armour of fire resistance
 g - a scarf of cloud immunity (worn)
 x - a +1 robe of positive energy
 C - a +2 hat (worn)
 D - a +0 buckler
 E - the +3 leather armour of the Wasteland (worn) {+Blink rPois Slay+3}
   (You found it on level 4 of the Dungeon)

   It affects your accuracy and damage with ranged weapons and melee attacks
   (+3).
   It protects you from poison.
   It lets you blink.
 Y - a +1 robe of cold resistance
Magical Staves
 F - an uncursed staff of death (weapon)
Jewellery
 q - the ring "Mahabb" (right claw) {rF+ rC+ Str+3}
   (You found it on level 2 of the Lair of Beasts)

   [ring of protection from cold]

   It affects your strength (+3).
   It protects you from fire.
   It protects you from cold.
 s - a +2 amulet of reflection (around neck)
 v - a ring of protection from magic (left claw)
 S - the ring "Wukkuevopn" {Fire Int+2 Stlth+}
   (You found it on level 11 of the Dungeon)

   [ring of fire]

   It enhances your fire magic.
   It affects your intelligence (+2).
   It protects you from fire.
   It makes you vulnerable to cold.
   It makes you more stealthy.
 U - an uncursed ring of flight
Wands
 c - a wand of flame (22)
 i - a wand of digging (5)
 u - a wand of polymorph (16)
 w - a wand of paralysis (8)
 I - a wand of enslavement (12)
 J - a wand of iceblast (8)
 P - a wand of clouds (4)
Scrolls
 h - 6 scrolls of remove curse
 j - 2 scrolls of magic mapping
 m - 7 scrolls of teleportation
 o - 5 scrolls of fog
 r - 2 scrolls of identify
 A - 4 scrolls of fear
 G - a scroll of vulnerability {unknown}
 K - a scroll of summoning
 L - a scroll of torment
 Q - a scroll of amnesia
 T - a scroll of enchant armour
Potions
 a - 2 potions of lignification
 b - a potion of flight {unknown}
 e - a potion of resistance
 k - 4 potions of magic
 p - 6 potions of curing
 t - 2 potions of brilliance
 z - a potion of mutation
 B - 2 potions of heal wounds
 H - a potion of ambrosia {unknown}
 O - a potion of degeneration {unknown}
 V - a potion of invisibility {unknown}
 W - a potion of might
Miscellaneous
 y - a lightning rod (4/4)
Comestibles
 d - 16 rations


   Skills:
 + Level 0.1 Fighting
 + Level 4.4 Armour
 * Level 11.0 Dodging
 + Level 4.0 Stealth
 + Level 0.1 Shields
 + Level 12.1 Spellcasting
 - Level 7.0 Conjurations
 - Level 2.4 Charms
 - Level 7.2 Summonings
 * Level 16.5 Necromancy
 - Level 1.6 Translocations
 - Level 4.0 Earth Magic
 - Level 1.1 Evocations


You couldn't memorise any spells.
You knew the following spells:

 Your Spells              Type           Power        Failure   Level  Hunger
a - Magic Dart            Conj           ####         1%          1    None
b - Blink                 Tloc           N/A          3%          2    None
c - Call Imp              Summ           ######..     1%          2    None
d - Conjure Flame         Conj/Fire      ####....     3%          3    None
e - Mephitic Cloud        Conj/Pois/Air  ####....     5%          3    None
f - Shock                 Conj/Air       ####         1%          1    None
g - Swiftness             Chrm/Air       ###.....     4%          2    None
h - Borgnjor's Vile Clut  Necr/Erth      #######...   1%          5    ###....
i - Regeneration          Chrm/Necr      #######...   1%          3    None
j - Sublimation of Blood  Necr           #######...   0%          2    None
k - Corpse Rot            Necr           N/A          0%          2    None
l - Bolt of Draining      Conj/Necr      #######...   1%          5    ###....
m - Death Channel         Necr           #######...   1%          6    #####..

Your spell library contained the following spells:

 Spells                   Type           Power        Failure   Level  Hunger
 Pain                     Necr           ####         0%          1    None
 Throw Frost              Conj/Ice       ####..       1%          2    None
 Dispel Undead            Necr           #######.     1%          5    ###....
 Dazzling Spray           Conj/Hex       ####..       3%          3    None
 Static Discharge         Conj/Air       ####....     3%          3    None
 Beastly Appendage        Tmut           ###...       4%          1    None
 Corona                   Hex            ###....      4%          1    None
 Freeze                   Ice            ###.         4%          1    None
 Ensorcelled Hibernation  Hex/Ice        ###...       8%          2    None
 Slow                     Hex            ###.....     8%          2    None
 Sticks to Snakes         Tmut           ###.....     8%          2    None
 Ozocubu's Armour         Chrm/Ice       ###.....     9%          3    None
 Summon Ice Beast         Ice/Summ       ####....     12%         4    None
 Throw Icicle             Conj/Ice       ####....     12%         4    None
 Confuse                  Hex            ###.....     16%         3    None
 Spider Form              Tmut/Pois      ###.......   16%         3    None
 Tukima's Dance           Hex            ###.....     16%         3    None
 Simulacrum               Ice/Necr       ######....   26%         6    #####..
 Lightning Bolt           Conj/Air       ####......   32%         5    ###....
 Airstrike                Air            ###.......   43%         4    None
 Ice Form                 Ice/Tmut       ###.....     45%         4    None
 Blade Hands              Tmut           ###.......   80%         5    ###....


Dungeon Overview and Level Annotations

Branches:
Dungeon (13/15)            Temple (1/1) D:4            Lair (3/6) D:9
 Shoals (0/4) Lair:2        Snake (4/4) Lair:2          Orc (1/2) D:9
 Vaults: D:13-14

Altars:
Ashenzari
Cheibriados
Dithmenos
Elyvilon
Fedhas
Gozag
Hepliaklqana
Kikubaaqudgha
Makhleb
Nemelex Xobeh
Okawaru
Qazlal
Ru
Sif Muna
Trog
Uskayaw
Vehumet
Wu Jian
Xom
Yredelemnul
Zin
The Shining One
Beogh

Shops:
D:10 *   D:12 %   D:13 }   Snake:1 *   Snake:3 (   Snake:4 [

Annotations:
D:7 2 transporters, wont's ghost, novice HuFi
Lair:1 3 runed translucent doors, exclusion: oklob plant, Supaplex's ghost, journeyman MiFi
Snake:2 1 runed translucent door, Supaplex's ghost, adept MiFi
Orc:1 Urug


Innate Abilities, Weirdness & Mutations

You have a pair of small antennae on your head.
You have claws for hands.
You have hooves in place of feet.
Your flesh is cold resistant. (rC+)
You are immune to rotting.


Message History

The zombie hands constrict the naga sharpshooter.
The zombie hands constrict the nagaraja!
The nagaraja hits your spectral naga!
The naga warrior hits your spectral naga but does no damage.
The naga sharpshooter gestures wildly while chanting.
The naga sharpshooter magically shoots an arrow.
The arrow hits you!
* * * LOW HITPOINT WARNING * * *
The nagaraja hits your spectral naga.
The zombie hands lose their grip on something.
The zombie hands constrict the naga sharpshooter!!
Your spectral naga hits the naga warrior.
Your spectral naga closely misses the naga warrior.
Something completely misses your spectral naga.
The naga warrior barely misses your spectral naga.
The naga sharpshooter casts a spell.
The naga sharpshooter magically shoots an arrow.
The arrow hits you!!
You die...
Kikubaaqudgha rasps: "You have failed me!
Welcome... death!"

≈ ≈≈ ##### §≈§ ##...##
§§§§ ##...ZZ## §≈≈§≈
#.....ZZ#N≈≈§§≈
#########....ZZZZN≈≈§§≈
#Z.....##...@.ZZ#N≈≈≈§§
#.####..##.))).## §≈§≈§
#{# #...##.))#+## ≈≈§§
#Z# #.#'#####'..# ≈≈≈
#Z# #.#.§§§≈#...## ≈≈
#Z# #.#.)≈§§##...## N #
#.# #.##.†≈≈≈##...###
{### #.#
#.###..≈.≈##....######.)
#.# #.#
##.)≈≈≈##........?..


You could see a naga warrior, a naga sharpshooter, 2 friendly spectral nagas, a
friendly spectral naga warrior, a friendly spectral naga mage, 2 friendly
spectral nagarajas, 3 friendly spectral naga ritualists and a friendly spectral
naga sharpshooter.

Vanquished Creatures
  4 nagarajas (Snake:4)
  Harold (D:9)
  4 naga warriors
  5 anacondas
  2 hydras
  2 centaur warriors (D:13)
  A death yak (Lair:3)
  3 naga sharpshooters
  2 shock serpents
  2 salamander mystics (Snake:3)
  A lindwurm (Snake:4)
  An unseen horror (D:12)
  6 naga ritualists
  24 black mambas
  2 mana vipers
  2 deep elf magi
  2 ugly things (D:11)
  5 salamanders
  A cyclops (D:13)
  A guardian serpent (Snake:3)
  A centaur zombie (D:13)
  Maurice (D:8)
  4 elephants (Lair:2)
  A merfolk siren (Lair:2)
  13 naga magi
  3 gargoyles
  A centaur skeleton (D:9)
  2 spiny frogs
  2 komodo dragons (Lair:2)
  3 trolls
  2 hornets (D:10)
  Prince Ribbit (D:5)
  2 hippogriffs
  2 wyverns
  11 yaks
  A basilisk (Lair:2)
  A wraith (D:13)
  A human (shapeshifter) (D:13)
  A hungry ghost (D:13)
  2 soldier ants
  17 nagas
  2 acid dragons
  A water moccasin (Snake:4)
  A sky beast (D:5)
  6 orc warriors
  A black bear (D:8)
  3 ogres
  2 necrophages
  3 wolves
  12 centaurs
  A crocodile (Lair:3)
  A big kobold (D:11)
  8 bullfrogs
  3 scorpions
  3 killer bees (D:11)
  4 wights
  2 electric eels
  3 howler monkeys
  4 crimson imps
  5 hounds
  2 orc priests
  A bullfrog skeleton (D:8)
  A jelly (D:12)
  4 orc wizards
  2 iguanas
  3 worker ants
  A hound skeleton (D:4)
  5 gnolls
  3 adders
  A shadow imp (D:8)
  A dart slug (D:3)
  5 leopard geckos
  35 orcs
  A ball python (D:4)
  4 giant cockroaches
  5 goblins
  3 hobgoblins
  2 jackals
  13 kobolds
  5 quokkas
  5 bats (D:1)
  3 frilled lizards
  A leopard gecko skeleton (D:2)
  A leopard gecko zombie (D:6)
  10 rats
325 creatures vanquished.

Vanquished Creatures (collateral kills)
  2 nagarajas (Snake:4)
  3 naga warriors (Snake:4)
  An anaconda (Snake:4)
  2 naga sharpshooters (Snake:4)
  Nergalle (Lair:1)
  3 salamander mystics (Snake:4)
  5 naga ritualists
  A lindwurm (Snake:4)
  3 mana vipers (Snake:4)
  3 salamanders
  14 black mambas
  3 naga magi (Snake:4)
  Psyche (D:10)
  2 spiny frogs
  A komodo dragon (Lair:1)
  2 trolls
  A troll (shapeshifter) (D:13)
  Grinder (D:3)
  A hornet (D:10)
  A basilisk (Lair:3)
  6 yaks
  7 nagas
  A soldier ant (D:10)
  Menkaure (D:5)
  A water moccasin (Lair:3)
  A porcupine (Lair:2)
  An orc warrior (D:10)
  A sky beast (D:10)
  A phantom (D:10)
  An ice beast (D:9)
  5 ogres
  5 wolves
  2 centaurs
  3 crocodiles
  A big kobold (D:11)
  4 bullfrogs
  A wyvern zombie (D:11)
  A gnoll sergeant (D:9)
  A killer bee (D:11)
  A wight (D:8)
  An electric eel (D:9)
  A howler monkey (D:9)
  A crimson imp (D:9)
  2 centaur zombies
  3 hounds
  A quasit (D:13)
  An orc priest (D:5)
  Crazy Yiuf (D:5)
  An iguana (D:7)
  4 orc wizards
  2 worker ants
  2 worker ant zombies
  3 gnolls
  3 adders (D:2)
  A shadow imp (D:12)
  2 adder zombies
  2 worms
  A dart slug (D:2)
  7 orcs
  A bat zombie (D:2)
  2 goblins (D:2)
  3 hobgoblins
  4 jackals
  A quokka (D:11)
  A bat (D:3)
  3 kobolds
  A leopard gecko skeleton (D:2)
  2 leopard gecko zombies (D:2)
  A quokka zombie (D:2)
  2 rats
156 creatures vanquished.

Vanquished Creatures (others)
  A howler monkey (D:4)
  2 worker ants (D:4)
  2 orcs (D:4)
  2 plants (Lair:2)
  2 withered plants (Snake:2)
9 creatures vanquished.

Grand Total: 490 creatures vanquished

Notes
Turn   | Place    | Note
-------+----------+-------------------------------------------
     0 | D:1      | Kifli the Demonspawn Wizard began the quest for the Orb.
     0 | D:1      | Reached XP level 1. HP: 13/13 MP: 4/4
   424 | D:1      | Gained mutation: You are immune to rotting. [demonic
                  | ancestry]
   424 | D:1      | Reached XP level 2. HP: 19/19 MP: 3/6
   443 | D:1      | Learned a level 2 spell: Blink
   446 | D:1      | Learned a level 2 spell: Call Imp
  1371 | D:1      | Reached XP level 3. HP: 24/24 MP: 5/8
  2326 | D:2      | Learned a level 3 spell: Conjure Flame
  2845 | D:2      | Reached XP level 4. HP: 30/30 MP: 2/9
  3433 | D:3      | You fall through a shaft for 2 floors!
  3433 | D:5      | Entered Level 5 of the Dungeon
  3434 | D:5      | Noticed a centaur
  3655 | D:3      | Noticed Grinder
  4095 | D:3      | Learned a level 3 spell: Mephitic Cloud
  4366 | D:5      | Gained mutation: You have large cloven feet. [demonic
                  | ancestry]
  4366 | D:5      | Reached XP level 5. HP: 31/35 MP: 3/11
  4488 | D:5      | Noticed Prince Ribbit
  4690 | D:4      | Noticed a centaur
  4703 | D:4      | Killed a centaur
  4893 | D:4      | Found a staircase to the Ecumenical Temple.
  4920 | Temple   | Entered the Ecumenical Temple
  5050 | D:4      | Found a shimmering altar of Xom.
  5161 | D:4      | You fall through a shaft for 3 floors!
  5215 | D:7      | Gained mutation: You have sharp fingernails. [demonic
                  | ancestry]
  5215 | D:7      | Reached XP level 6. HP: 41/41 MP: 2/12
  5619 | D:7      | Found a transporter.
  5619 | D:7      | Noticed wont's ghost (novice HuFi)
  5991 | D:6      | Learned a level 1 spell: Shock
  5994 | D:6      | Learned a level 2 spell: Swiftness
  6657 | D:5      | Found a runed translucent door.
  6658 | D:5      | Noticed Crazy Yiuf
  6683 | D:5      | Killed Crazy Yiuf
  6918 | D:5      | Noticed a sky beast
  6929 | D:5      | Killed a sky beast
  6929 | D:5      | Reached skill level 5 in Spellcasting
  6929 | D:5      | Gained mutation: You have very sharp fingernails. [demonic
                  | ancestry]
  6929 | D:5      | Reached XP level 7. HP: 35/46 MP: 4/14
  6983 | D:5      | Killed Prince Ribbit
  7079 | D:4      | Found Rikoteusch's Antique Armour Emporium.
  7083 | D:4      | Got a scorched leather armour
  7451 | D:3      | Paralysed by Grinder for 5 turns
  7468 | D:3      | Paralysed by Grinder for 7 turns
  7476 | D:3      | Killed Grinder
  7476 | D:3      | Reached skill level 1 in Translocations
  7476 | D:3      | Gained mutation: Your flesh is cold resistant. (rC+)
                  | [demonic ancestry]
  7476 | D:3      | Reached XP level 8. HP: 32/52 MP: 3/16
  7880 | D:5      | Found a shimmering altar of Xom.
  7969 | D:5      | Noticed Menkaure
  8536 | D:6      | Identified the +3 leather armour of the Wasteland {+Blink
                  | rPois Slay+3} (You found it on level 4 of the Dungeon)
  8684 | D:7      | Found a transporter.
  8740 | D:7      | Found a blossoming altar of Fedhas.
  8811 | D:7      | Found an ancient bone altar of Kikubaaqudgha.
  8816 | D:7      | Found a deep blue altar of Sif Muna.
  8821 | D:7      | Became a worshipper of Kikubaaqudgha
  9420 | D:8      | Reached skill level 5 in Summonings
  9506 | D:8      | Noticed Maurice
 10215 | D:8      | Gained mutation: You have hoof-like feet. [demonic
                  | ancestry]
 10215 | D:8      | Reached XP level 9. HP: 57/57 MP: 14/19
 10334 | D:8      | Found a radiant altar of Vehumet.
 10348 | D:8      | Learned a level 3 spell: Dazzling Spray
 10726 | D:9      | Noticed Harold
 10913 | D:5      | Killed Menkaure
 10913 | D:5      | Reached skill level 5 in Conjurations
 11039 | D:8      | Reached skill level 5 in Dodging
 11290 | D:8      | Killed Maurice
 11734 | D:9      | Reached * piety under Kikubaaqudgha
 11734 | D:9      | Identified Kikubaaqudgha's Volume of Stolen Souls
                  | (Kikubaaqudgha gifted it to you on level 9 of the Dungeon)
 11734 | D:9      | Received a gift from Kikubaaqudgha
 11735 | D:9      | Noticed a troll
 11996 | D:8      | Killed a troll
 13003 | D:9      | Learned a level 3 spell: Regeneration
 13144 | D:9      | Noticed a troll
 13156 | D:9      | Killed a troll
 13228 | D:9      | Found a white marble altar of Elyvilon.
 14072 | D:9      | Killed Harold
 14072 | D:9      | Gained mutation: You have hooves in place of feet. [demonic
                  | ancestry]
 14072 | D:9      | Reached XP level 10. HP: 25/63 MP: 0/22
 14349 | D:9      | Found a staircase to the Orcish Mines.
 14610 | D:10     | Entered Level 10 of the Dungeon
 14690 | D:10     | Reached skill level 1 in Armour
 14746 | D:10     | Found a shadowy altar of Dithmenos.
 14746 | D:10     | Noticed a gargoyle
 15082 | D:9      | Upgraded the game from 0.23-b1-6-ga921848b48 to
                  | 0.23-b1-13-gf37ab262a9
 15095 | D:10     | Found Zuwk's General Store.
 15098 | D:10     | Bought a potion of agility for 56 gold pieces
 15098 | D:10     | Bought a potion of magic for 112 gold pieces
 15129 | D:10     | Found a white marble altar of Elyvilon.
 15206 | D:10     | Reached skill level 1 in Necromancy
 15369 | Orc:1    | Entered Level 1 of the Orcish Mines
 15369 | Orc:1    | Noticed a stone giant
 15422 | D:10     | Found a roughly hewn altar of Beogh.
 15428 | D:10     | Reached ** piety under Kikubaaqudgha
 15645 | D:9      | Found a staircase to the Lair.
 15883 | D:10     | Noticed Psyche
 16226 | D:11     | Noticed a green ugly thing
 16508 | D:10     | Reached skill level 2 in Necromancy
 16701 | D:11     | Noticed a cyan ugly thing
 16718 | D:11     | Got a steaming glass ring
 16726 | D:11     | Identified the ring "Wukkuevopn" {Fire Int+2 Stlth+} (You
                  | found it on level 11 of the Dungeon)
 16851 | D:11     | Killed a cyan ugly thing
 16879 | D:11     | Noticed a gargoyle
 17075 | D:11     | Noticed a seven-headed hydra
 17084 | D:12     | Found Bualiut's Food Emporium.
 17688 | Lair:1   | Entered Level 1 of the Lair of Beasts
 17827 | Lair:1   | Reached *** piety under Kikubaaqudgha
 17827 | Lair:1   | Identified Kikubaaqudgha's Disquisition on Evil Rituals
                  | (Kikubaaqudgha gifted it to you on level 1 of the Lair of
                  | Beasts)
 17827 | Lair:1   | Received a gift from Kikubaaqudgha
 17839 | Lair:1   | Noticed Nergalle
 17931 | Lair:1   | Noticed an oklob plant
 18046 | Lair:1   | Noticed a spiny frog
 18057 | Lair:1   | Killed a spiny frog
 18057 | Lair:1   | Reached skill level 3 in Necromancy
 18187 | Lair:1   | Found a runed translucent gate.
 18187 | Lair:1   | Found a runed translucent gate.
 18187 | Lair:1   | Found a runed translucent gate.
 18257 | Lair:1   | Noticed Supaplex's ghost (journeyman MiFi)
 18353 | Lair:1   | Learned a level 2 spell: Sublimation of Blood
 18356 | Lair:1   | Learned a level 2 spell: Corpse Rot
 18448 | Orc:1    | Noticed Urug
 18556 | Lair:2   | Noticed a spiny frog
 18585 | Lair:2   | Killed a spiny frog
 18724 | Lair:2   | Noticed an elephant
 18724 | Lair:2   | Noticed an elephant
 18818 | Lair:1   | Gained mutation: You have claws for hands. [demonic
                  | ancestry]
 18818 | Lair:1   | Reached XP level 11. HP: 38/68 MP: 2/24
 19172 | D:10     | Killed Psyche
 19185 | D:10     | Reached skill level 10 in Spellcasting
 19629 | D:10     | Reached skill level 4 in Necromancy
 20214 | D:11     | Found a shadowy altar of Dithmenos.
 20815 | Lair:1   | Learned a level 5 spell: Bolt of Draining
 20843 | Lair:2   | Found a staircase to the Snake Pit.
 21328 | D:12     | Noticed a deep elf mage
 21345 | D:11     | Killed a seven-headed hydra
 21345 | D:11     | Reached skill level 1 in Charms
 21677 | D:11     | Reached skill level 5 in Necromancy
 21774 | D:11     | Killed a green ugly thing
 21774 | D:11     | Reached skill level 1 in Evocations
 24699 | Lair:1   | Killed Nergalle
 24699 | Lair:1   | Reached skill level 6 in Necromancy
 24990 | Lair:2   | Killed a black mamba
 25266 | Lair:2   | Found a staircase to the Shoals.
 25269 | Lair:2   | Got a crude copper ring
 25282 | Lair:2   | Identified the ring "Mahabb" {rF+ rC+ Str+3} (You found it
                  | on level 2 of the Lair of Beasts)
 25624 | Lair:2   | Reached XP level 12. HP: 60/74 MP: 6/26
 25628 | Lair:2   | Reached skill level 7 in Necromancy
 26238 | Lair:3   | Noticed a death yak
 26392 | Lair:3   | Noticed a death yak
 26393 | Lair:3   | Noticed a death yak
 26421 | Lair:3   | Noticed a death yak
 26778 | D:12     | Reached skill level 8 in Necromancy
 27234 | D:13     | Noticed a centaur warrior
 27635 | D:13     | Found Zoaptofuwe's Gadget Shoppe.
 27647 | D:13     | Reached skill level 9 in Necromancy
 27955 | D:13     | Noticed an eight-headed hydra
 27958 | D:13     | Killed an eight-headed hydra
 28050 | D:13     | HP: 2/74 [centaur warrior/arrow (18)]
 28410 | D:13     | Noticed a centaur warrior
 28415 | D:13     | Killed a centaur warrior
 28416 | D:13     | Reached skill level 10 in Dodging
 28603 | D:13     | Reached skill level 10 in Necromancy
 28897 | D:13     | Killed a centaur warrior
 29622 | Lair:1   | Learned a level 5 spell: Borgnjor's Vile Clutch
 29903 | Lair:3   | Noticed a death yak
 30119 | Lair:3   | Killed a death yak
 30677 | Snake:1  | Entered Level 1 of the Snake Pit
 30896 | Snake:1  | Reached skill level 1 in Earth Magic
 31725 | Snake:1  | Gained mutation: You have a pair of small antennae on your
                  | head. [demonic ancestry]
 31725 | Snake:1  | Reached XP level 13. HP: 71/79 MP: 16/27
 31796 | Snake:1  | Reached skill level 11 in Necromancy
 31805 | Snake:1  | Found Geri's General Store.
 31824 | Snake:1  | Bought a scroll of identify for 36 gold pieces
 33207 | Snake:2  | Found a runed translucent door.
 33218 | Snake:2  | Noticed Supaplex's ghost (adept MiFi)
 33329 | Snake:2  | Reached **** piety under Kikubaaqudgha
 34181 | Snake:2  | Reached skill level 12 in Necromancy
 35189 | Snake:3  | Reached skill level 13 in Necromancy
 35245 | Snake:3  | Found Fub Pioh's Antique Weapon Shop.
 35575 | Snake:3  | Reached XP level 14. HP: 76/85 MP: 5/30
 35803 | Snake:3  | Got a warped trident
 35804 | Snake:3  | Identified the +7 trident of Disintegration {pain, rC+ rN+
                  | Str-4} (You found it on level 3 of the Snake Pit)
 35861 | Snake:4  | Entered Level 4 of the Snake Pit
 35871 | Snake:3  | Learned a level 6 spell: Death Channel
 36028 | Snake:4  | Upgraded the game from 0.23-b1-13-gf37ab262a9 to
                  | 0.23-b1-51-gfe822ef6ca
 36176 | Snake:4  | Got a pitted war axe
 36177 | Snake:4  | Identified the +7 war axe of Accord {chop, rPois Stlth+}
                  | (You found it on level 4 of the Snake Pit)
 36217 | Snake:4  | Reached skill level 14 in Necromancy
 36351 | Snake:4  | Found Gufoqod's Armour Shop.
 36539 | Snake:4  | Reached ***** piety under Kikubaaqudgha
 36644 | Snake:4  | Reached skill level 15 in Necromancy
 36697 | Snake:4  | Noticed a nagaraja
 36703 | Snake:4  | Noticed a nagaraja
 36707 | Snake:4  | Noticed a nagaraja
 36707 | Snake:4  | Killed a nagaraja
 36710 | Snake:4  | Noticed a nagaraja
 36714 | Snake:4  | Killed a nagaraja
 36719 | Snake:4  | Killed a nagaraja
 36724 | Snake:4  | Killed a nagaraja
 36747 | Snake:4  | Reached skill level 16 in Necromancy
 36932 | Snake:4  | Noticed a nagaraja
 36932 | Snake:4  | Noticed a nagaraja
 36942 | Snake:4  | Killed a nagaraja
 36943 | Snake:4  | Killed a nagaraja
 36999 | Snake:4  | Noticed a nagaraja
 37004 | Snake:4  | Shot with an arrow by a naga sharpshooter

Skill      XL: |  1  2  3  4  5  6  7  8  9 10 11 12 13 14 |
---------------+-------------------------------------------+-----
Dodging        | 2 3 4 6 9 10 11 | 11.0
Stealth        | 2 3 4 |  4.0
Spellcasting   | 4 5 6 8 9 10 12 | 12.1
Conjurations   | 2 3 4 6 7 |  7.0
Summonings     | 2 3 4 5 7 |  7.2
Translocations | 1 |  1.6
Armour         | 2 4 |  4.4
Necromancy     | 3 6 10 13 16 | 16.5
Charms         | 2 |  2.4
Evocations     | 1 |  1.1
Earth Magic    | 1 4 |  4.0
Fighting       | |  0.1
Shields        | |  0.1

Action                   |  1- 3 |  4- 6 |  7- 9 | 10-12 | 13-15 || total
-------------------------+-------+-------+-------+-------+-------++-------
Melee: Dagger            |    42 |    89 |   187 |   353 |    13 ||   684
       Kick              |       |     8 |    36 |    66 |     2 ||   112
       Staff             |       |       |       |       |     3 ||     3
Throw: Stone             |    29 |    16 |       |       |       ||    45
       Tomahawk          |       |       |       |     2 |     1 ||     3
 Cast: Magic Dart        |    68 |    29 |   107 |   123 |     3 ||   330
       Call Imp          |    28 |    75 |   112 |   293 |    81 ||   589
       Conjure Flame     |       |     3 |     1 |    29 |     6 ||    39
       Blink             |       |     2 |    10 |    48 |     2 ||    62
       Mephitic Cloud    |       |     8 |    11 |    42 |       ||    61
       Dazzling Spray    |       |       |    10 |    50 |       ||    60
       Shock             |       |       |       |    43 |    43 ||    86
       Regeneration      |       |       |       |    22 |    38 ||    60
       Bolt of Draining  |       |       |       |    70 |    74 ||   144
       Sublimation of Bl |       |       |       |     2 |    61 ||    63
       Corpse Rot        |       |       |       |     1 |       ||     1
       Borgnjor's Vile C |       |       |       |     7 |    88 ||    95
       Death Channel     |       |       |       |       |    11 ||    11
Invok: Receive Corpses   |       |       |       |     1 |       ||     1
Evoke: Wand              |       |       |       |    12 |       ||    12
  Use: Scroll            |     1 |     7 |     6 |    22 |     3 ||    39
       Potion            |       |       |       |     5 |     1 ||     6
 Stab: Sleeping          |     2 |     6 |     4 |     4 |     1 ||    17
       Confused          |       |     1 |     1 |     4 |       ||     6
       Distracted        |       |       |     1 |     5 |       ||     6
       Invisible         |       |       |     4 |     1 |       ||     5
       Paralysed         |       |       |       |     2 |       ||     2
  Eat: Chunk             |     6 |    14 |    14 |    34 |    12 ||    80
       Ration            |       |       |     3 |     9 |     8 ||    20
Armor: Robe              |    21 |    11 |    23 |     3 |       ||    58
       Leather armour    |       |       |       |   109 |    16 ||   125
Dodge: Dodged            |    66 |    54 |   198 |   398 |    51 ||   767
Block: Other             |       |       |       |     7 |     2 ||     9
       Reflection        |       |       |       |     1 |       ||     1
